 Dungeon Crawl Stone Soup version 0.26-a0-651-gb41185065b (webtiles) character file.

Game seed: 2047709706739889166

20 Lanoc the Sneak (level 2, 0/20 HPs)
             Began as an Octopode Brigand on Oct 26, 2020.
             Slain by a giant cockroach (2 damage)
             ... on level 2 of the Dungeon.
             The game lasted 00:00:36 (316 turns).

Lanoc the Sneak (Octopode Brigand)                   Turns: 316, Time: 00:00:37

Health: 0/20       AC:  1    Str: 10    XL:     2   Next: 79%
Magic:  2/2        EV: 13    Int: 13    God:
Gold:   1          SH:  0    Dex: 13    Spells: 1/1 levels left

rFire    . . .     SeeInvis .   a - +2 dagger
rCold    . . .     Faith    .   (no shield)
rNeg     . . .     Spirit   .   (helmet restricted)
rPois    .         Reflect  .   (no amulet)
rElec    .         Harm     .   (no ring)
rCorr    .         Rampage  .   (no ring)
MR       .....                  (no ring)
Stlth    ++++......             (no ring)
HPRegen  0.06/turn              (no ring)
MPRegen  0.08/turn              (no ring)
                                (no ring)
                                (no ring)

@: no status effects
A: almost no armour, stealthy swim, amphibious, 8 rings, constrict 8, camouflage
1, gelatinous body 1
a: no special abilities


You were on level 2 of the Dungeon.
You visited 1 branch of the dungeon, and saw 2 of its levels.

You collected 1 gold pieces.

Inventory:

Hand Weapons
 a - a +2 dagger (weapon)
Missiles
 b - 8 poisoned darts (quivered)
 c - 2 curare-tipped darts
 g - 2 atropa-tipped darts
Scrolls
 d - a scroll of remove curse {unknown}
 e - a scroll of random uselessness {unknown}
 f - a scroll of magic mapping {unknown}


   Skills:
 + Level 2.3 Fighting
 - Level 2.0 Short Blades
 - Level 2.0 Throwing
 + Level 1.5 Dodging
 * Level 5.9 Stealth


You had one spell level left.
You didn't know any spells.
Your spell library was empty.

Dungeon Overview and Level Annotations

Branches:
Dungeon (2/15)

Altars:


Innate Abilities, Weirdness & Mutations

You cannot wear most types of armour.
You are very stealthy in the water. (Stealth+)
You are amphibious.
You can wear up to eight rings at the same time.
You can use your tentacles to constrict eight enemies at once.
Your skin changes colour to match your surroundings (Stealth+).
Your rubbery body absorbs attacks. (AC +1, EV +1)


Message History

The jackal misses you.
You hit the jackal.
You kill the jackal!
The jackal closely misses you.
You hit the jackal but do no damage. You grab the jackal.
You constrict the jackal, but do no damage.
The jackal bites you. x2
You hit the jackal.
The jackal is heavily wounded.
You constrict the jackal. The jackal completely misses you.
The jackal bites you.
* * * LOW HITPOINT WARNING * * *
The giant cockroach bites you.
* * * LOW HITPOINT WARNING * * *
The jackal closely misses you. The jackal bites you.
* * * LOW HITPOINT WARNING * * *
You release your grip on the jackal.
You see here a jackal corpse.
The giant cockroach bites you.
You die...

#.####..###.......##...##
# #..
............##....####..
.............##)#...
#.............>.
#..)..........######
##..........#........
..................#####
.......###sh..###.....
.........@†h.## #..##
.####...##..## #..# #..
#..## #... #.....## #..
......# #. .. #.#. . #.#.
# #


You could see 2 jackals and a giant cockroach.

Vanquished Creatures
  An adder (D:2)
  A dart slug (D:2)
  A bat (D:1)
  2 goblins (D:2)
  2 jackals (D:2)
  A kobold (D:1)
  A rat (D:1)
9 creatures vanquished.

Notes
Turn   | Place    | Note
-------+----------+-------------------------------------------
     0 | D:1      | Lanoc the Octopode Brigand began the quest for the Orb.
     0 | D:1      | Reached XP level 1. HP: 14/14 MP: 1/1
    40 | D:2      | Reached XP level 2. HP: 11/19 MP: 2/2
   276 | D:1      | You fall into a shaft and drop 1 floor!
   316 | D:2      | Slain by a giant cockroach

Illustrated notes

Levels and vault maps discovered:
D:1:      tarquinn_simple_flora_water_d, layout_basic
D:2:      layout_rooms, minmay_hedge_maze, nemelex_spade_bored_becter

Action                   || total
-------------------------++-------
Melee: Dagger            ||    18
       Constrict         ||     5
       Tentacles         ||     4
 Stab: Sleeping          ||     2
Armor: Skin              ||     1
Dodge: Dodged            ||    15

Table legend: (Time is in decaauts)
 A = Elapsed time spent in this place.
 B = Non-inter-level travel time spent in this place.
 C = Inter-level travel time spent in this place.
 D = Time resting spent in this place.
 E = Time spent auto-exploring this place.
 F = Levels seen in this place.
 G = Mean time per level.
                   A        B        C        D        E       F      G
               +--------+--------+--------+--------+--------+-----+--------+
         Total |    315 |    313 |      2 |      0 |    253 |   2 |  157.5 |
       Dungeon |    315 |    313 |      2 |      0 |    253 |   2 |  157.5 |
               +--------+--------+--------+--------+--------+-----+--------+

Top non-repeatable levels by time:
     D:1: 265 daAuts
     D:2: 49 daAuts
